 Dungeon Crawl Stone Soup version 0.31-a0-188-g5e087ee2ca (webtiles) character file.

Game seed: 16860333534714599326

545 Ijustatesigmund the Stinger (level 7, -13/45 HPs)
             Began as an Octopode Venom Mage on June 23, 2023.
             Mangled by a gnoll
             ... wielding a +0 halberd
             ... led by a gnoll bouda
              (16 damage)
             ... on level 5 of the Dungeon.
             The game lasted 00:10:32 (5118 turns).

Ijustatesigmund the Stinger (Octopode Venom Mage)   Turns: 5118, Time: 00:10:33

Health: -13/45     AC:  1    Str: 11    XL:     7   Next: 27%
Magic:  8/12       EV: 13    Int: 19    God:
Gold:   126        SH:  5    Dex: 12    Spells: 3/13 levels left

rFire   . . .        c - +0 war axe
rCold   + . .        (no shield)
rNeg    . . .        (helmet restricted)
rPois   +            f - amulet of reflection
rElec   .            o - ring of protection from cold
rCorr   .            i - ring "Kaxam" {Wiz Contam rPois Str+3}
SInv    .            (no ring)
Will    .....        (no ring)
Stlth   +++          (no ring)
HPRegen 0.27/turn    (no ring)
MPRegen 0.13/turn    (no ring)
                     (no ring)

%: reflection, wizardry (x1)
@: no status effects
A: almost no armour, amphibious, 8 rings, camouflage 1, gelatinous body 1,
(nimble swimmer 1), tentacles
a: no special abilities


You were on level 5 of the Dungeon.
You visited 1 branch of the dungeon, and saw 5 of its levels.

You collected 126 gold pieces.

Inventory:

Hand Weapons
 c - a +0 war axe (weapon)
Armour
 q - the +1 kite shield of Somewhere Else {rPois Slay+3}
   (You found it on level 5 of the Dungeon)

   Slay:      It affects your accuracy & damage with ranged weapons and melee
   (+3).
   rPois:     It protects you from poison.
Jewellery
 f - an amulet of reflection (around mantle)
 h - a ring of ice
 i - the ring "Kaxam" (right tentacle) {Wiz Contam rPois Str+3}
   (You found it on level 4 of the Dungeon)

   [ring of wizardry]

   It improves your spell success rate.
   Str:       It affects your strength (+3).
   rPois:     It protects you from poison.
   Contam:    It causes magical contamination when unequipped.
 m - the amulet "Usyg" {Faith Dex+4}
   (You found it on level 4 of the Dungeon)

   [amulet of faith]

   It allows you to gain divine favour quickly.
   Dex:       It affects your dexterity (+4).
 o - a ring of protection from cold (left tentacle)
Wands
 e - a wand of roots (2)
Scrolls
 g - a scroll of teleportation
 j - a scroll of butterflies
 k - a scroll of vulnerability
Potions
 b - a potion of ambrosia {unknown}
 d - 3 potions of enlightenment
 n - a potion of degeneration {unknown}
 p - a potion of curing {unknown}


   Skills:
 + Level 2.9 Fighting
 - Level 2.0 Dodging
 - Level 2.6 Stealth
 + Level 3.6 Spellcasting
 + Level 2.8 Conjurations
 - Level 1.0 Transmutations
 + Level 3.1 Air Magic
 + Level 5.5 Poison Magic


You had 3 spell levels left.
You knew the following spells:

 Your Spells              Type           Power      Damage    Failure   Level
a - Sting                 Tmut/Pois      60%        1d6       1%          1
b - Poisonous Vapours     Pois/Air       40%        N/A       1%          2
c - Mephitic Cloud        Conj/Pois/Air  18%        N/A       3%          3
d - Olgreb's Toxic Radia  Pois           24%        N/A       6%          4

Your spell library contained the following spells:

 Spells                   Type           Power      Damage    Failure   Level
 Dazzling Flash           Conj/Hex       16%        N/A       10%         3
 Inner Flame              Hex/Fire       3%         N/A       16%         3
 Volatile Blastmotes      Fire/Tloc      6%         2d10      16%         3
 Iskenderun's Mystic Bla  Conj/Tloc      8%         2d4       32%         4
 Yara's Violent Unravell  Hex/Tmut       2%         3d3       75%         5
 Starburst                Conj/Fire      4%         6d3       99%         6
 Enfeeble                 Hex            1%         N/A       100%        7
 Chain Lightning          Conj/Air       7%         3d9       100%        9
 Fire Storm               Conj/Fire      4%         8d1       100%        9
 Shatter                  Erth           1%         3d6*      100%        9


Dungeon Overview and Level Annotations

Branches:
Dungeon (5/15)
 Temple: D:4-7

Altars:
Fedhas
Gozag
Yredelemnul


Innate Abilities, Weirdness & Mutations

You cannot wear most types of armour.
You are amphibious.
You can wear up to eight rings at the same time.
Your skin changes colour to match your surroundings (Stealth+).
Your rubbery body absorbs attacks. (AC +1, EV +1)
((You are camouflaged when in or above water. (Stealth+)))
You have tentacles for arms and can constrict up to eight enemies at once.


Message History

The jelly is heavily wounded.
You hear a shout! x2
The jelly closely misses you.
The gnoll bouda shouts!
You slash the jelly!
You kill the jelly!
The gnoll closely misses you.
The gnoll bouda barks out a call to the hunt!
The gnolls pick up the pace!
Things that are here:
a +0 spear; a +0 flail; a gnoll corpse You slash the gnoll bouda!
You grab the gnoll bouda.
You squeeze the gnoll bouda, but do no damage.
The gnoll bouda is heavily wounded.
You hit the gnoll but do no damage.
You constrict the gnoll bouda, but do no damage.
The gnoll closely misses you. You block the gnoll bouda's attack.
You hit the gnoll bouda but do no damage.
You squeeze the gnoll bouda!
The gnoll bouda is almost dead.
You hit the gnoll but do no damage. You constrict the gnoll bouda.
You kill the gnoll bouda!
The gnoll barely misses you. The gnoll hits you with a +0 halberd!
The gnoll closely misses you.
Casting: Olgreb's Toxic Radiance (dangerous; 6% risk of failure)
Confirm with . or Enter, or press ? or * to list all spells.
You begin to radiate toxic energy.
The gnoll is poisoned. x3
The gnoll looks even sicker. x2; The gnoll hits you with a +0 club!
The gnoll barely misses you.
The gnoll hits you from afar with a +0 halberd.
Your toxic aura wanes.
The gnoll hits you with a +0 club. You block the gnoll's attack.
You closely miss the gnoll. You grab the gnoll.
The gnoll is moderately wounded.
You hit the gnoll. You constrict the gnoll. The gnoll barely misses you.
The gnoll completely misses you.
The gnoll hits you from afar with a +0 halberd!
* * * LOW HITPOINT WARNING * * *
The gnoll hits you with a +0 halberd!
You die...

#...# #.... ###.# ##...#
...... .. #†#####..# #......
. #........## ....... .
..##........##....^.... #
#.#......<)..#....>.... #
#...................... #
###.........).......... #
#........@g..........
##........g........... #
#...........g.....[... #
#####..................##
###....)...................#
............................
.......#....................
......÷...........########..
.......#................ .


You could see 3 gnolls.

Vanquished Creatures
  Menkaure (D:4)
  A black bear (D:5)
  A hound (D:5)
  2 jellies
  A gnoll bouda (D:5)
  An iguana (D:4)
  6 gnolls
  7 adders
  An ufetubus (D:4)
  A dart slug (D:5)
  4 orcs
  4 endoplasms
  3 giant cockroaches
  7 goblins
  A hobgoblin (D:2)
  4 jackals (D:3)
  3 quokkas
  7 ball pythons
  A bat (D:2)
  4 frilled lizards
  2 kobolds
  5 rats
67 creatures vanquished.

Notes
Turn   | Place    | Note
-------+----------+-------------------------------------------
     0 | D:1      | Ijustatesigmund the Octopode Venom Mage began the quest for
                  | the Orb.
     0 | D:1      | Reached XP level 1. HP: 11/11 MP: 3/3
   410 | D:1      | Reached XP level 2. HP: 17/18 MP: 5/5
   413 | D:1      | Learned a level 2 spell: Poisonous Vapours
   782 | D:1      | Reached skill level 4 in Poison Magic
  1176 | D:2      | Reached skill level 1 in Fighting
  1204 | D:2      | Reached XP level 3. HP: 13/23 MP: 1/6
  1268 | D:2      | Learned a level 3 spell: Mephitic Cloud
  1380 | D:2      | Found a faded altar of an unknown god.
  1389 | D:2      | Reached skill level 1 in Air Magic
  1631 | D:2      | Reached XP level 4. HP: 18/28 MP: 2/7
  1902 | D:2      | You fall into a shaft and drop 1 floor!
  1986 | D:3      | Found a basalt altar of Yredelemnul.
  2049 | D:3      | Reached skill level 1 in Conjurations
  2584 | D:4      | Noticed Menkaure
  2601 | D:4      | Killed Menkaure
  2602 | D:4      | Reached XP level 5. HP: 23/34 MP: 9/9
  3068 | D:4      | Identified the ring "Kaxam" {Wiz Contam rPois Str+3}
  3076 | D:4      | Learned a level 4 spell: Olgreb's Toxic Radiance
  3265 | D:4      | Identified the amulet "Usyg" {Faith Dex+4}
  3293 | D:4      | Identified the +2 plate armour of Peluoho {Fly rF- rCorr
                  | SInv}
  3350 | D:4      | Found an opulent altar of Gozag.
  3350 | D:4      | Found a blossoming altar of Fedhas.
  3522 | D:5      | Entered Level 5 of the Dungeon
  3528 | D:5      | Reached XP level 6. HP: 39/39 MP: 5/10
  3840 | D:5      | Identified the +1 kite shield of Somewhere Else {rPois
                  | Slay+3}
  3844 | D:5      | Noticed a black bear
  3850 | D:5      | Reached skill level 5 in Poison Magic
  4909 | D:5      | Killed a black bear
  4910 | D:5      | Reached XP level 7. HP: 29/45 MP: 1/12
  5118 | D:5      | Mangled by a gnoll

Illustrated notes

Levels and vault maps discovered:
D:1:      dpeg_cavernosity, layout_basic
D:2:      layout_basic, ebering_ecumenical_altar_sacrificial, serial_shops,
          nicolae_shop_back_alley_shop
D:3:      layout_rooms, nicolae_overflow_crystal_walls, minmay_misc_feat_tiny
D:4:      layout_basic, gammafunk_temple_overflow_wave,
          hangedman_abyss_or_decor_slice, uniq_menkaure
D:5:      layout_rooms

Skill      XL: |  1  2  3  4  5  6  7 |
---------------+----------------------+-----
Poison Magic   | 4 5 |  5.5
Fighting       | 1 2 |  2.9
Air Magic      | 1 2 3 |  3.1
Conjurations   | 1 2 |  2.8
Spellcasting   | 3 |  3.6
Dodging        | |  2.0
Stealth        | |  2.6
Transmutations | |  1.0

Action                     |  1- 3 |  4- 6 |  7- 9 || total
---------------------------+-------+-------+-------++-------
  Melee: Unarmed           |    10 |       |       ||    10
         Tentacles         |     7 |    13 |     3 ||    23
         Mace              |    37 |    40 |       ||    77
         Constrict         |    15 |    15 |     2 ||    32
         Punch             |     1 |     5 |     1 ||     7
         War axe           |       |    23 |     8 ||    31
   Cast: Sting             |     6 |     3 |       ||     9
         Poisonous Vapours |    19 |    23 |     2 ||    44
         Mephitic Cloud    |       |     3 |       ||     3
         Olgreb's Toxic Ra |       |     2 |     2 ||     4
    Use: Scroll            |       |     9 |     1 ||    10
         Potion            |       |     4 |       ||     4
   Stab: Sleeping          |     2 |     3 |       ||     5
 Armour: Skin              |     1 |     8 |       ||     9
  Dodge: Dodged            |    20 |    43 |    13 ||    76
  Block: Other             |     2 |    18 |     2 ||    22

Table legend: (Time is in decaauts)
 A = Elapsed time spent in this place.
 B = Non-inter-level travel time spent in this place.
 C = Inter-level travel time spent in this place.
 D = Time resting spent in this place.
 E = Time spent auto-exploring this place.
 F = Levels seen in this place.
 G = Mean time per level.
                   A        B        C        D        E       F      G
               +--------+--------+--------+--------+--------+-----+--------+
         Total |   5129 |   4860 |    269 |   1805 |   2447 |   5 | 1025.8 |
       Dungeon |   5129 |   4860 |    269 |   1805 |   2447 |   5 | 1025.8 |
               +--------+--------+--------+--------+--------+-----+--------+

Top non-repeatable levels by time:
     D:4: 2281 daAuts
     D:1: 1172 daAuts
     D:2: 745 daAuts
     D:3: 652 daAuts
     D:5: 279 daAuts
